 Dungeon Crawl Stone Soup version 0.30.0-5-g1a98f26d00 (webtiles) character file.

Game seed: 16445977935096041871

11 AlmostDecent the Trooper (level 2, 17/24 HPs)
             Began as a Demonspawn Berserker on May 10, 2023.
             Was a Follower of Trog.
             Quit the game on level 1 of the Dungeon.
             The game lasted 00:00:56 (149 turns).

AlmostDecent the Trooper (Demonspawn Berserker)      Turns: 149, Time: 00:00:57

Health: 17/24      AC:  2    Str: 17    XL:     2   Next: 17%
Magic:  2/2        EV: 12    Int:  8    God:    Trog [*.....]
Gold:   16         SH:  0    Dex: 12    Spells: 1/1 levels left

rFire   . . .        a - +0 hand axe
rCold   . . .        (no shield)
rNeg    . . .        b - +0 animal skin
rPois   .            (no helmet)
rElec   .            (no cloak)
rCorr   .            (no gloves)
SInv    .            (no boots)
Will    .....        (no amulet)
Stlth   +            (no ring)
HPRegen 0.24/turn    (no ring)
MPRegen 0.16/turn

%: no passive effects
@: no status effects
A: magic regeneration
a: Renounce Religion, Berserk


You were on level 1 of the Dungeon.
You worshipped Trog.
Trog was aware of your devotion.
You visited 1 branch of the dungeon, and saw 1 of its levels.

You collected 16 gold pieces.

Inventory:

Hand Weapons
 a - a +0 hand axe (weapon)
Armour
 b - a +0 animal skin (worn)
Scrolls
 d - a scroll of enchant weapon {unknown}
Potions
 c - a potion of attraction {unknown}


   Skills:
 + Level 3.3 Fighting
 + Level 3.0 Axes
 + Level 1.8 Armour
 + Level 1.8 Dodging


You had one spell level left.
You didn't know any spells.
Your spell library was empty.

Dungeon Overview and Level Annotations

Branches:
Dungeon (1/15)

Altars:


Innate Abilities, Weirdness & Mutations

You regenerate magic rapidly.


Message History

You see here a +0 club.
Found a stone staircase leading down.
d - a scroll labelled PEESHOYFOE A ball python comes into view.
A kobold comes into view.
It is wielding a +1 short sword of draining.
The kobold shouts!
The kobold throws a stone.
The stone hits you.
A goblin comes into view. It is wielding a +0 club.
Found a short sword.
The kobold hits you with a +1 short sword of draining.
You feel drained.
There is a stone staircase leading down here.
The ball python hisses angrily.
The goblin shouts!
You hit the kobold.
You kill the kobold!
Trog accepts your kill.
Your life force feels restored.
You have reached level 2!
Your demonic ancestry asserts itself...
Your magic begins to regenerate rapidly.
You hit the goblin.
You kill the goblin!
Trog accepts your kill.
You barely miss the ball python. The ball python bites you.
The ball python grabs you. The ball python constricts you.
The ball python bites you. The ball python constricts you.
You hit the ball python.
The ball python is severely wounded.
The ball python bites you. The ball python constricts you.
You slash the ball python!
You kill the ball python!
Trog accepts your kill.
Your Axes skill increases to level 3!
No target in view!
No target in view!
There is a stone staircase leading down, spattered with blood here.
There is a stone staircase leading down, spattered with blood here.
Items here: ( )) [ †.
Okay, then.
Are you sure you want to abandon this character and quit the game? (Confirm with "yes".)

...#†.... #..
#.#..... #.#
######..)†...
#..###........#...
##.............#...
#..# ##.#....######
##).# ##............
#...###...........##
#..@>...........(.#
#..#†.####.........#
#................).#
##....###..........#
#....# #..........#
##...# #..........#
#...# #..####.##
##..# #.. #.#
.#..####.###


There were no monsters in sight!

Vanquished Creatures
  A ball python (D:1)
  3 bats (D:1)
  An endoplasm (D:1)
  3 goblins (D:1)
  A kobold (D:1)
  A frilled lizard (D:1)
10 creatures vanquished.

Notes
Turn   | Place    | Note
-------+----------+-------------------------------------------
     0 | D:1      | AlmostDecent the Demonspawn Berserker began the quest for
                  | the Orb.
     0 | D:1      | Reached XP level 1. HP: 18/18 MP: 1/1
   139 | D:1      | Gained mutation: You regenerate magic rapidly. [demonic
                  | ancestry]
   139 | D:1      | Reached XP level 2. HP: 20/24 MP: 2/2
   149 | D:1      | Quit the game

Illustrated notes

Levels and vault maps discovered:
D:1:      erik_arrival_blinker_ship, layout_basic,
          chequers_serial_rivers_micro_d, chequers_serial_rivers_small_b,
          minmay_misc_feat_x

Skill      XL: |  1  2 |
---------------+-------+-----
Axes           | 3 |  3.0
Fighting       | |  3.3
Armour         | |  1.8
Dodging        | |  1.8

Action                     || total
---------------------------++-------
  Melee: Hand axe          ||    19
 Armour: Animal skin       ||     4
  Dodge: Dodged            ||    17
